Map: Vallée des cactus EC

Players

AgCl

  • Race: Protoss Protoss
  • League: Grandmaster

TOY - Winner!

  • Race: Protoss Protoss
  • League: Grandmaster

VOD

Have the link to the VOD?

Description

Time

  • Played on: June 5, 2015, 8:23 p.m.
  • Length: 6:15
Show
View Real Time Build Order
Export as new Build Order

AgCl Protoss 

Build Orders: Phoenix Opening, Phoenix Opening 

Get SALT Encoding   

  12  0:14  Probe  
  12  0:17  Pylon  
  13  0:26  Probe  
  14  0:37  Assimilator  
  14  0:45  Probe  
  15  0:53  Gateway  
  15  0:57  Probe (Chrono Boost)  
  16  1:07  Probe (Chrono Boost)  
  17  1:14  Probe (Chrono Boost)  
  18  1:21  Pylon  
  19  1:26  Probe (Chrono Boost)  
  19  1:33  Probe (Chrono Boost)  
  19  1:37  Assimilator  
  20  1:43  Probe (Chrono Boost)  
  21  1:47  Cybernetics Core  
  21  1:50  Probe (Chrono Boost)  
  22  2:00  Probe  
  23  2:13  Probe  
  23  2:24  Stargate  
  23  2:25  Probe (Chrono Boost)  
  24  2:32  Warp Gate  
  26  2:37  Mothership Core (Chrono Boost)  
  26  2:49  Nexus  
  27  2:51  Probe  
  28  3:08  Phoenix  
  28  3:12  Pylon  
  29  3:13  Probe  
  29  3:17  Pylon  
  30  3:30  Probe  
  31  3:42  Probe  
  31  3:44  Robotics Facility  
  31  3:46  Pylon  
  32  3:53  Void Ray (Chrono Boost)  
  35  4:06  Gateway  
  35  4:08  Probe  
  27  4:29  Oracle (Chrono Boost)  
  21  5:15  Probe x2  
  23  5:27  Stalker, Probe x2  
  23  5:28  Stalker  
  17  5:59  Probe (Chrono Boost)  
Show
View Real Time Build Order
Export as new Build Order

TOY Protoss - Winner!

Build Orders: Mass Adepts 

Get SALT Encoding   

  12  0:00  Probe  
  13  0:14  Pylon  
  13  0:17  Probe  
  14  0:33  Gateway  
  14  0:37  Probe (Chrono Boost)  
  15  0:45  Assimilator  
  15  0:46  Probe (Chrono Boost)  
  16  0:54  Probe  
  17  1:03  Pylon  
  17  1:06  Probe (Chrono Boost)  
  18  1:15  Probe (Chrono Boost)  
  19  1:22  Cybernetics Core  
  19  1:25  Probe  
  20  1:27  Assimilator  
  20  1:38  Gateway  
  20  1:44  Probe  
  21  1:56  Probe  
  21  2:00  Gateway, Warp Gate (Chrono Boost)  
  22  2:13  Gateway  
  22  2:29  Adept  
  26  2:30  Adept  
  26  2:40  Mothership Core  
  28  2:45  Pylon  
  28  2:48  Adept  
  30  2:53  Pylon  
  30  3:03  Adept  
  32  3:38  Adept x4  
  40  3:58  Adept  
  40  3:59  Adept x2  
  46  4:49  Nexus  
  46  4:50  Probe  
  41  5:11  Pylon  
  39  5:14  Stargate  
  39  5:24  Adept x3  
  43  5:28  Pylon  
  43  5:30  Pylon  
  43  5:33  Stalker  
  41  5:55  Stalker x3  
  41  5:56  Stalker  
  49  5:58  Probe  
Tags
 
Add a new tag
Caveats
  • Supply blocks, unpowered buildings, or Contaminate may cause inaccurate times.
  • Supply counts are checked every 10 seconds.